 Dungeon Crawl Stone Soup version 0.30-a0-49-g1cef19eb02 (webtiles) character file.

Game seed: 18092076096494393131

192 Lekart the Slasher (level 5, -5/36 (46) HPs)
             Began as a Draconian Fighter on Aug 24, 2022.
             Slain by Ijyb
             ... wielding a +8 dagger of draining
              (10 damage)
             ... on level 4 of the Dungeon on Sept 2, 2022.
             The game lasted 00:04:03 (3462 turns).

Lekart the Slasher (Draconian Fighter)              Turns: 3462, Time: 00:04:03

HP:   -5/36 (46)    AC:  5    Str: 21    XL:     5   Next: 42%
MP:   5/5           EV: 12    Int:  8    God:
Gold: 249           SH:  4    Dex: 10    Spells: 4/4 levels left

rFire   . . .      SeeInvis .    a - +0 long sword
rCold   . . .      Faith    .    b - +0 buckler
rNeg    . . .      Spirit   .    (body armour unavailable)
rPois   +          Reflect  .    (helmet restricted)
rElec   .          Harm     .    (no cloak)
rCorr   .          Rampage  .    (no gloves)
Will    .....                    (no boots)
Stlth   +.........               (no amulet)
HPRegen 0.12/turn                (no ring)
MPRegen 0.09/turn                (no ring)

@: mighty, flying, heavily drained
A: AC +5, unfitting armour, cold-blooded, big wings, poison resistance, no
potion heal 1, devolution 1
a: no special abilities


You were on level 4 of the Dungeon.
You visited 1 branch of the dungeon, and saw 4 of its levels.

You collected 249 gold pieces.

Inventory:

Hand Weapons
 a - a +0 long sword (weapon)
Missiles
 k - a throwing net (quivered)
Armour
 b - a +0 buckler (worn)
Scrolls
 d - a scroll of vulnerability {unknown}
 e - a scroll of blinking
 m - 2 scrolls of immolation {unknown}
 o - a scroll of amnesia {unknown}
Potions
 f - 2 potions of cancellation
 g - a potion of brilliance
 h - 2 potions of haste
 i - 3 potions of curing
 j - a potion of resistance
 l - 2 potions of magic {unknown}
 n - 2 potions of heal wounds {unknown}
 p - 2 potions of ambrosia {unknown}
 q - a potion of lignification {unknown}


   Skills:
 + Level 4.1 Fighting
 + Level 4.2 Long Blades
 + Level 3.6 Dodging
 + Level 3.4 Shields


You had 4 spell levels left.
You didn't know any spells.
Your spell library contained the following spells:

 Spells                   Type           Power      Damage    Failure   Level
 Freeze                   Ice            0%         1d3       50%         1
 Necrotise                Necr           0%         1d4       50%         1
 Slow                     Hex            0%         N/A       50%         1
 Ensorcelled Hibernation  Hex/Ice        0%         N/A       65%         2
 Confusing Touch          Hex            0%         N/A       86%         3
 Frozen Ramparts          Ice            0%         1d1       86%         3
 Spider Form              Tmut/Pois      0%         N/A       86%         3
 Vampiric Draining        Necr           0%         2d6       86%         3
 Anguish                  Hex/Necr       0%         N/A       99%         4
 Hailstorm                Conj/Ice       0%         3d3       99%         4
 Agony                    Necr           0%         N/A       100%        5
 Blade Hands              Tmut           0%         N/A       100%        5
 Irradiate                Conj/Tmut      0%         3d11      100%        5
 Dragon Form              Tmut           0%         N/A       100%        7


Dungeon Overview and Level Annotations

Branches:
Dungeon (4/15)
 Temple: D:4-7

Altars:

Annotations:
D:4 Ijyb


Innate Abilities, Weirdness & Mutations

Your plain brown scales are hard. (AC +5)
You cannot fit into any form of body armour.
You are cold-blooded and may be slowed by cold attacks.
Your large and strong wings let you fly.
Your system is resistant to poisons. (rPois)
Potions are less effective at restoring your health.
You have hidden genetic defects.


Message History

Ijyb screams, "Die!"
Ijyb zaps a wand.
You resist with some effort.
Ijyb is nearby!
Ijyb hits you with a +8 dagger of draining.
You feel drained.
You hit Ijyb.
Your tail-slap misses Ijyb.
Ijyb is lightly wounded.
Ijyb hits you with a +8 dagger of draining.
You feel drained.
Ijyb hits you with a +8 dagger of draining!
You feel drained.
You closely miss Ijyb.
Ijyb is lightly wounded.
You block Ijyb's attack.
You hit Ijyb. You tail-slap Ijyb.
Ijyb is moderately wounded.
Ijyb hits you with a +8 dagger of draining.
You feel drained.
You barely miss Ijyb.
Ijyb is moderately wounded.
Ijyb zaps a wand.
You suddenly lose the ability to move!
Ijyb screams, "Me very upset!"
Ijyb hits you with a +8 dagger of draining!
You feel drained. Ijyb hits you but does no damage.
You feel drained.
You can move again.
Unknown command.
Unknown command.
You are too injured to fight recklessly!
You are too injured to fight recklessly!
Unknown command.
You feel very mighty all of a sudden.
Ijyb hits you with a +8 dagger of draining.
* * * LOW HITPOINT WARNING * * *
You feel drained.
* * * LOW HITPOINT WARNING * * *
You barely miss Ijyb.
Ijyb is moderately wounded.
Ijyb hits you with a +8 dagger of draining!
You die...

#....).)♣♣♣♣♣~... #.........).
#.......~♣~P~.~# #..........#
#......~~P~~~.# #..........#
.........#.~P.~## #.###'######
###......##....######.# #.#
.................|...###.######
...............#########..##....
####.#######..g#########.###....
#####+#######...@..[.#....# #....
..~#...#~..##.............# #....
.~.#...#..~##.............# #....
~~b#...#.~~##..##.........# #....
####...######.............# #....
...........###(.#.........###....
...........'..............'......
...........#####..>.......###....
####...##### ##.........# #....


You could see Ijyb.

Vanquished Creatures
  Jessica (D:2)
  Terence (D:3)
  4 gnolls (D:4)
  4 adders
  A worm (D:3)
  2 dart slugs
  6 ball pythons
  A bat (D:2)
  5 endoplasms
  8 goblins
  6 hobgoblins
  3 jackals (D:1)
  A quokka (D:2)
  6 frilled lizards
  10 kobolds
  5 rats
64 creatures vanquished.

Vanquished Creatures (others)
  13 fungi (D:4)
  14 plants (D:4)
27 creatures vanquished.

Grand Total: 91 creatures vanquished

Notes
Turn   | Place    | Note
-------+----------+-------------------------------------------
     0 | D:1      | Lekart the Draconian Fighter began the quest for the Orb.
     0 | D:1      | Reached XP level 1. HP: 19/19 MP: 1/1
   116 | D:1      | Reached XP level 2. HP: 18/26 MP: 2/2
   948 | D:1      | Found a faded altar of an unknown god.
  1172 | D:2      | Upgraded the game from 0.30-a0-21-g5d08c37080 to
                  | 0.30-a0-25-gacc37e2db0
  1172 | D:2      | Upgraded the game from 0.30-a0-25-gacc37e2db0 to
                  | 0.30-a0-49-g1cef19eb02
  1180 | D:2      | Reached XP level 3. HP: 22/31 MP: 3/3
  1801 | D:2      | Noticed Jessica
  1809 | D:2      | Killed Jessica
  1810 | D:2      | Reached XP level 4. HP: 30/40 MP: 4/4
  2750 | D:3      | Noticed Terence
  2767 | D:3      | Killed Terence
  2768 | D:3      | Reached XP level 5. HP: 27/46 MP: 5/5
  2978 | D:4      | Gained mutation: Your magical capacity is low. (-10% MP)
                  | [potion of mutation]
  2979 | D:4      | Lost mutation: Your magical capacity is low. (-10% MP)
                  | [potion of mutation]
  2979 | D:4      | Gained mutation: You have hidden genetic defects. [potion
                  | of mutation]
  2979 | D:4      | Gained mutation: Your system is resistant to poisons.
                  | (rPois) [potion of mutation]
  2979 | D:4      | Gained mutation: Your large and strong wings let you fly.
                  | [potion of mutation]
  3219 | D:4      | Gained mutation: Potions are less effective at restoring
                  | your health. [hidden defects]
  3450 | D:4      | Noticed Ijyb
  3458 | D:4      | Paralysed by Ijyb for 3 turns
  3462 | D:4      | Slain by Ijyb

Illustrated notes

Levels and vault maps discovered:
D:1:      matt_arrival_grand_opening, layout_loops_ring,
          shapermc_ecumenical_altar_notcrosses
D:2:      layout_basic, kennysheep_jessica_study
D:3:      layout_basic, hangedman_decor_clover_reticule, uniq_terence
D:4:      layout_basic, minmay_temple_entry_poolview, serial_aquarium,
          aquarium_bridge_straight [aquarium_subvault_bridge,
          aquarium_subvault_wall, aquarium_subvault_bridge,
          aquarium_subvault_window], aquarium_window_1, aquarium_window_fake,
          aquarium_window_corner, aquarium_window_corridor_1, aquarium_view_2c,
          aquarium_pool_four, serial_bayou_pond_c, uniq_ijyb

Skill      XL: |  1  2  3  4  5 |
---------------+----------------+-----
Dodging        | 3 |  3.6
Long Blades    | 3 4 |  4.2
Fighting       | 4 |  4.1
Shields        | |  3.4

Action                   |  1- 3 |  4- 6 || total
-------------------------+-------+-------++-------
Melee: Long sword        |   104 |    92 ||   196
       Tailslap          |     9 |     5 ||    14
  Use: Scroll            |     4 |     3 ||     7
       Potion            |       |     3 ||     3
Armor: Skin              |    28 |    19 ||    47
Dodge: Dodged            |    83 |    61 ||   144
Block: Buckler           |    23 |    12 ||    35

Table legend: (Time is in decaauts)
 A = Elapsed time spent in this place.
 B = Non-inter-level travel time spent in this place.
 C = Inter-level travel time spent in this place.
 D = Time resting spent in this place.
 E = Time spent auto-exploring this place.
 F = Levels seen in this place.
 G = Mean time per level.
                   A        B        C        D        E       F      G
               +--------+--------+--------+--------+--------+-----+--------+
         Total |   3521 |   3438 |     83 |      0 |   2960 |   4 |  880.2 |
       Dungeon |   3521 |   3438 |     83 |      0 |   2960 |   4 |  880.2 |
               +--------+--------+--------+--------+--------+-----+--------+

Top non-repeatable levels by time:
     D:1: 1123 daAuts
     D:2: 977 daAuts
     D:3: 926 daAuts
     D:4: 494 daAuts
